 Dungeon Crawl Stone Soup version 0.27.1-35-g4d5d836560 (webtiles) character file.

Game seed: 13852096353018652977

857 Delamore the Cutter (level 8, -1/50 HPs)
             Began as an Octopode Brigand on May 20, 2022.
             Slain by a phantom (2 damage)
             ... on level 5 of the Dungeon.
             The game lasted 00:06:47 (4705 turns).

Delamore the Cutter (Octopode Brigand)              Turns: 4705, Time: 00:06:48

Health: -1/50      AC:  1    Str:  8 (10) XL:     8   Next: 2%
Magic:  8/8        EV: 12    Int: 18 (20) God:
Gold:   118        SH:  0    Dex: 14 (15) Spells: 7/7 levels left

rFire    . . .     SeeInvis .   a - +3 dagger
rCold    . . .     Faith    .   (no shield)
rNeg     . . .     Spirit   .   (helmet restricted)
rPois    .         Reflect  .   (no amulet)
rElec    .         Harm     .   q - +6 ring of intelligence
rCorr    .         Rampage  .   (no ring)
Will     .....                  (no ring)
Stlth    ++++......             (no ring)
HPRegen  0.16/turn              (no ring)
MPRegen  0.11/turn              (no ring)
                                (no ring)
                                (no ring)

@: about to teleport, weak-willed, attractive, flying, hasted, very quick
A: almost no armour, amphibious, 8 rings, camouflage 1, gelatinous body 1,
(nimble swimmer 1), tentacles
a: no special abilities


You were on level 5 of the Dungeon.
You visited 1 branch of the dungeon, and saw 5 of its levels.

You collected 118 gold pieces.

Inventory:

Hand Weapons
 a - a +3 dagger (weapon)
Missiles
 b - 21 poisoned darts
 c - a curare-tipped dart (quivered)
 i - 92 stones
Jewellery
 q - a +6 ring of intelligence (left tentacle)
Scrolls
 d - a scroll of noise
 k - a scroll of enchant weapon
Potions
 e - a potion of flight
 f - a potion of degeneration
 g - 2 potions of attraction
 m - a potion of heal wounds {unknown}
 n - a potion of cancellation {unknown}
 p - a potion of mutation {unknown}
 s - a potion of haste


   Skills:
 - Level 2.0 Fighting
 * Level 7.4 Short Blades
 + Level 5.3 Throwing
 - Level 1.0 Dodging
 - Level 5.3 Stealth


You had 7 spell levels left.
You didn't know any spells.
Your spell library contained the following spells:

 Spells                   Type           Power      Damage    Failure   Level
 Animate Skeleton         Necr           0%         N/A       22%         1
 Apportation              Tloc           0%         N/A       22%         1
 Corona                   Hex            0%         N/A       22%         1
 Summon Small Mammal      Summ           0%         N/A       22%         1


Dungeon Overview and Level Annotations

Branches:
Dungeon (5/15)
 Temple: D:4-7

Altars:
Xom

Shops:
D:3 *


Innate Abilities, Weirdness & Mutations

You cannot wear most types of armour.
You are amphibious.
You can wear up to eight rings at the same time.
Your skin changes colour to match your surroundings (Stealth+).
Your rubbery body absorbs attacks. (AC +1, EV +1)
((You are camouflaged near water. (Stealth+)))
You have tentacles for arms and can constrict up to eight enemies at once.


Message History

The phantom barely misses you. The phantom misses you.
You hit the scorpion zombie but do no damage.
The scorpion zombie is severely damaged.
You constrict the scorpion zombie. The scorpion zombie hits you.
* * * LOW HITPOINT WARNING * * *
You hit the scorpion zombie but do no damage.
The scorpion zombie is severely damaged.
You constrict the scorpion zombie, but do no damage.
Your hound closely misses the phantom.
The phantom hits you.
* * * LOW HITPOINT WARNING * * *
The phantom blinks!
You blink.
You lose your grip on something.
The phantom is pulled toward you!
As you read the scroll labelled ULYOD YNESH, it crumbles to dust.
Magic quickly surges around you.
It was a scroll of vulnerability.
The phantom is pulled toward you!
The scorpion zombie is pulled toward you!
Blink to where?
Press: ? - help, Dir - move target
As you read the scroll labelled MADAYCZAITU, it crumbles to dust.
It was a scroll of blinking.
The scorpion zombie is pulled toward you!
The phantom is pulled toward you! x2
As you read the scroll labelled AXOISI IJEJ, it crumbles to dust.
It is a scroll of amnesia.
You feel forgetful for a moment. The phantom is pulled toward you!
As you read the scroll labelled HIEPNEELLOU, it crumbles to dust.
You assume a fearsome visage.
The phantom is unaffected.
The scorpion zombie is unaffected.
The phantom is unaffected.
It was a scroll of fear.
The scorpion zombie barely misses you. The phantom hits you!
* * * LOW HITPOINT WARNING * * *
As you read the scroll labelled WOCOD NURCHI, it crumbles to dust.
You feel a surge of unholy energy.
Your hound convulses!
It was a scroll of torment.
Your hound bites the phantom but does no damage.
As you read the scroll labelled PUEPSIDUOZ, it crumbles to dust.
You feel strangely unstable.
It was a scroll of teleportation.
Your hound closely misses the phantom.
The phantom hits you.
You die...

###..###
##.........####
....##
##............
#...#
###.....####
##......
#...###
...>.... #...#
........[.
##..##
.........#
#...##
........##
#....##
.......##
######@....#
##...ZWW....#
#.....h....##
##....(....##
#..........#
#..........#
#............##
##...........#
#........#..#


You could see 2 phantoms, a scorpion zombie and a friendly hound (summoned,
weak-willed).

Vanquished Creatures
  Sigmund (D:2)
  A black bear (D:3)
  A sky beast (D:3)
  A necrophage (D:4)
  A gnoll sergeant (D:5)
  A bullfrog skeleton (D:5)
  Natasha (twice) (D:2)
  An orc wizard (D:4)
  A howler monkey skeleton (D:4)
  5 gnolls (D:5)
  4 adders
  An adder skeleton (D:4)
  3 dart slugs
  2 orcs (D:4)
  7 bats
  4 endoplasms
  9 giant cockroaches
  3 goblins
  6 hobgoblins
  8 jackals
  6 kobolds
  4 quokkas
  10 ball pythons
  4 frilled lizards
  4 rats
90 creatures vanquished.

Vanquished Creatures (collateral kills)
  A black bear (D:5)
1 creature vanquished.

Grand Total: 91 creatures vanquished

Notes
Turn   | Place    | Note
-------+----------+-------------------------------------------
     0 | D:1      | Delamore the Octopode Brigand began the quest for the Orb.
     0 | D:1      | Reached XP level 1. HP: 14/14 MP: 1/1
   139 | D:1      | Reached XP level 2. HP: 19/19 MP: 2/2
   325 | D:1      | Reached skill level 3 in Short Blades
   408 | D:1      | Reached XP level 3. HP: 24/24 MP: 3/3
   810 | D:2      | Found a faded altar of an unknown god.
  1019 | D:2      | Noticed Natasha
  1030 | D:2      | Killed Natasha
  1031 | D:2      | Reached XP level 4. HP: 8/29 MP: 4/4
  1396 | D:2      | Found a shimmering altar of Xom.
  1779 | D:2      | Noticed Sigmund
  1785 | D:2      | Reached skill level 4 in Short Blades
  1792 | D:2      | Killed Sigmund
  1793 | D:2      | Reached skill level 5 in Short Blades
  1793 | D:2      | Reached XP level 5. HP: 14/34 MP: 5/5
  1793 | D:2      | Reached XP level 6. HP: 16/39 MP: 6/6
  2068 | D:2      | Noticed Natasha
  2077 | D:2      | Killed Natasha
  2619 | D:3      | Noticed a sky beast
  2640 | D:3      | Killed a sky beast
  2893 | D:3      | Found Gaisuol's Assorted Antiques.
  3077 | D:3      | Noticed a black bear
  3091 | D:3      | Killed a black bear
  3092 | D:3      | Reached skill level 6 in Short Blades
  3092 | D:3      | Reached XP level 7. HP: 20/45 MP: 7/7
  4329 | D:5      | Entered Level 5 of the Dungeon
  4338 | D:5      | Reached skill level 5 in Throwing
  4477 | D:5      | Reached skill level 7 in Short Blades
  4686 | D:5      | Reached XP level 8. HP: 19/50 MP: 8/8
  4703 | D:5      | HP: 1/50 [phantom (8)]
  4705 | D:5      | Slain by a phantom

Illustrated notes

Levels and vault maps discovered:
D:1:      lightli_arrival_chessboard, layout_loops_ring, st_stairs_12
D:2:      layout_basic, ebering_ecumenical_altar_box, kennysheep_flooded_box,
          minmay_worlds_worst_comb, uniq_natasha, uniq_sigmund
D:3:      layout_loops_cross, serial_shops, shop
D:4:      layout_basic
D:5:      layout_cave_pods, gammafunk_ghost_grave, enter_ossuary_2,
          lightli_minifort

Skill      XL: |  1  2  3  4  5  6  7 |
---------------+----------------------+-----
Short Blades   | 3 5 6 7 |  7.4
Throwing       | 3 4 5 |  5.3
Fighting       | |  2.0
Dodging        | |  1.0
Stealth        | |  5.3

Action                   |  1- 3 |  4- 6 |  7- 9 || total
-------------------------+-------+-------+-------++-------
Melee: Dagger            |    41 |    71 |    49 ||   161
       Tentacles         |     8 |     6 |    14 ||    28
       Constrict         |     6 |    12 |    13 ||    31
Throw: Dart              |     4 |    15 |    27 ||    46
       Stone             |    21 |    49 |    70 ||   140
  Use: Scroll            |       |       |     9 ||     9
       Potion            |       |       |     6 ||     6
 Stab: Sleeping          |     9 |     5 |     1 ||    15
Armor: Skin              |     2 |     4 |     2 ||     8
Dodge: Dodged            |    22 |    36 |    24 ||    82
